 Dungeon Crawl Stone Soup version 0.29-a0-824-gd827844252 (webtiles) character file.

Game seed: 7097972755521420110

6302 avis the Skirmisher (level 10, -1/81 HPs)
             Began as a Demigod Ice Elementalist on July 9, 2022.
             Slain by an orc knight
             ... wielding a +0 halberd
              (18 damage)
             ... in a bailey.
             The game lasted 01:29:34 (12886 turns).

avis the Skirmisher (Demigod Ice Elementalist)     Turns: 12886, Time: 01:29:36

Health: -1/81      AC: 16    Str:  9    XL:     10   Next: 37%
Magic:  17/21      EV: 16    Int: 17    God:
Gold:   468        SH:  6    Dex: 26    Spells: 5/19 levels left

rFire   x . .      SeeInvis .   a - +1 dagger (venom)
rCold   + . .      Faith    .   d - +0 buckler
rNeg    . . .      Spirit   .   Q - +0 steam dragon scales
rPois   +          Reflect  .   v - +0 helmet
rElec   .          Harm     .   (no cloak)
rCorr   .          Rampage  .   z - +0 pair of gloves
Will    +....                   (no boots)
Stlth   +++.......              (no amulet)
HPRegen 0.23/turn               o - ring of poison resistance
MPRegen 0.17/turn               D - ring of ice

@: ice-armoured
A: high MP 1, forlorn, divine attributes
a: no special abilities


You were in a bailey.
You visited 2 branches of the dungeon, and saw 12 of its levels.
You also visited: Sewer and Bailey.

You collected 468 gold pieces.

Inventory:

Hand Weapons
 a - a +1 dagger of venom (weapon)
 b - a +0 sling
 p - a +0 rapier
 w - a +4 falchion of freezing
 x - a -2 demon whip of venom
 y - a +4 flail of freezing
 A - a +3 mace
Missiles
 k - 6 boomerangs
 r - a curare-tipped dart
 K - 30 poisoned darts (quivered)
Armour
 d - a +0 buckler (worn)
 v - a +0 helmet (worn)
 z - a +0 pair of gloves (worn)
 Q - +0 steam dragon scales (worn)
Jewellery
 e - a ring of positive energy
 o - a ring of poison resistance (left hand)
 D - a ring of ice (right hand)
 O - a ring of protection from fire
Wands
 B - a wand of polymorph (15)
Scrolls
 c - 5 scrolls of teleportation {unknown}
 h - a scroll of poison {unknown}
 j - a scroll of brand weapon
 l - 2 scrolls of fog
 n - a scroll of noise {unknown}
 t - a scroll of blinking {unknown}
 u - a scroll of immolation
 C - 4 scrolls of enchant weapon
 E - a scroll of vulnerability {unknown}
 G - a scroll of identify
 H - a scroll of enchant armour
Potions
 f - a potion of curing
 g - 6 potions of lignification
 i - 6 potions of magic
 m - 2 potions of mutation
 q - a potion of flight {unknown}
 s - 4 potions of might
 F - a potion of brilliance {unknown}
 J - 2 potions of cancellation {unknown}
 L - 2 potions of invisibility
 M - 3 potions of haste
 N - 2 potions of resistance {unknown}


   Skills:
 * Level 5.1 Fighting
 - Level 8.0 Ranged Weapons
 - Level 5.0 Armour
 - Level 5.0 Dodging
 - Level 2.0 Stealth
 - Level 4.0 Shields
 - Level 5.0 Spellcasting
 - Level 7.0 Ice Magic


You had 5 spell levels left.
You knew the following spells:

 Your Spells              Type           Power      Damage    Failure   Level
a - Freeze                Ice            100%       1d11      1%          1
f - Frozen Ramparts       Ice            84%        1d10      3%          3
o - Ozocubu's Armour      Ice            42%        N/A       3%          3
r - Ozocubu's Refrigerat  Ice            21%        4d9       100%        7

Your spell library contained the following spells:

 Spells                   Type           Power      Damage    Failure   Level
 Scorch                   Fire           8%         2d5       26%         2
 Hailstorm                Conj/Ice       24%        3d7       38%         4
 Conjure Flame            Conj/Fire      4%         6-21      47%         3
 Ignite Poison            Fire/Tmut/Pois 4%         N/A       47%         3
 Mephitic Cloud           Conj/Pois/Air  4%         N/A       47%         3
 Portal Projectile        Hex/Tloc       8%         N/A       47%         3
 Tukima's Dance           Hex            4%         N/A       47%         3
 Airstrike                Air            2%         0-2+      87%         4
 Flame Wave               Conj/Fire      4%         2d5       87%         4
 Olgreb's Toxic Radiance  Pois           4%         N/A       87%         4
 Sticky Flame             Conj/Fire      4%         2d3       87%         4
 Summon Lightning Spire   Summ/Air       4%         N/A       87%         4
 Freezing Cloud           Conj/Ice/Air   9%         6-21      89%         5
 Blade Hands              Tmut           2%         N/A       99%         5
 Iskenderun's Battlesphe  Conj           4%         2d6       99%         5
 Lightning Bolt           Conj/Air       2%         1d13      99%         5
 Starburst                Conj/Fire      2%         6d3       100%        6
 Summon Cactus Giant      Summ           2%         N/A       100%        6
 Ignition                 Fire           2%         3d3       100%        8
 Fire Storm               Conj/Fire      2%         8d1       100%        9


Dungeon Overview and Level Annotations

Branches:
Dungeon (11/15)            Temple (1/1) D:6           Sewer (visited)
 Bailey (1/1)
   Lair: D:8-11         Orc: D:9-12

Annotations:
D:2 1 runed translucent door, exclusion: door
D:7 3 runed translucent doors, greasedhog's ghost, amateur FoHu


Innate Abilities, Weirdness & Mutations

You have an increased reservoir of magic. (+10% MP)
You shall have no god before yourself.
Your divine heritage dramatically boosts your attributes as you level up.


Message History

You hit the orc knight but do no damage.
The orc knight is moderately wounded.
You block the orc knight's attack.
You feel better. You block the orc knight's attack.
Casting: Ozocubu's Armour (mildly dangerous; 3% risk of failure)
Confirm with . or Enter, or press ? or * to list all spells.
Aiming: Freeze (safe; 1% risk of failure)
Press: ? - help, Shift-Dir - straight line, f - orc knight
Aim: an orc knight, wielding a +0 halberd and wearing a +0 scale mail (heavily wounded, extremely poisoned)
You feel a surge of power!
You freeze the orc knight!
The orc knight is severely wounded.
The orc knight hits you with a +0 halberd!
* * * LOW HITPOINT WARNING * * *
You feel better. The orc knight barely misses you.
Casting: Freeze (safe; 1% risk of failure)
Confirm with . or Enter, or press ? or * to list all spells.
Aiming: Freeze (safe; 1% risk of failure)
Press: ? - help, Shift-Dir - straight line, f/p - orc knight
Aim: an orc knight, wielding a +0 halberd and wearing a +0 scale mail (severely wounded, extremely poisoned)
You feel a surge of power!
You freeze the orc knight!
The orc knight is almost dead.
The orc knight hits you but does no damage.
Casting: Freeze (safe; 1% risk of failure)
Confirm with . or Enter, or press ? or * to list all spells.
Aiming: Freeze (safe; 1% risk of failure)
Press: ? - help, Shift-Dir - straight line, f/p - orc knight
Aim: an orc knight, wielding a +0 halberd and wearing a +0 scale mail (almost dead, extremely poisoned)
You feel a surge of power!
You freeze the orc knight.
The orc knight is almost dead.
The orc knight hits you with a +0 halberd!
* * * LOW HITPOINT WARNING * * *
Casting: Freeze (safe; 1% risk of failure)
Confirm with . or Enter, or press ? or * to list all spells.
Aiming: Freeze (safe; 1% risk of failure)
Press: ? - help, Shift-Dir - straight line, f/p - orc knight
Aim: an orc knight, wielding a +0 halberd and wearing a +0 scale mail (almost dead, extremely poisoned)
You feel a surge of power!
You freeze the orc knight!
The orc knight is almost dead.
The orc knight hits you with a +0 halberd!!
You die...

#.......#
##.....##
###)###
#.).#
#...#
#...#
#.).#
###o###
##..@..##
#.......#
#.......#
#.......#
#..#.#..#
#)##8##.#
#..#.#..#
#.......#
#..)....#


You could see an orc knight (extremely poisoned).

Vanquished Creatures
  Amaemon (D:7)
  An orange demon (D:8)
  Maggie (D:6)
  Sigmund (D:6)
  A wyvern (D:9)
  Duvessa (D:5)
  6 ice beasts
  13 orc warriors
  3 black bears
  A sky beast (D:7)
  2 ogres (D:6)
  2 phantoms (D:5)
  3 kobold brigands
  2 bullfrogs
  4 scorpions
  A necrophage (D:7)
  7 wights
  Dowan (D:5)
  4 killer bees (D:9)
  6 howler monkeys
  A hound (D:7)
  2 jellies
  2 gnoll boudas
  2 orc priests
  5 iguanas
  5 orc wizards
  12 gnolls
  11 adders
  3 white imps
  2 ufetubi (D:5)
  5 worms
  4 dart slugs
  38 orcs
  11 endoplasms
  3 giant cockroaches
  10 goblins
  6 hobgoblins
  3 jackals (D:3)
  3 quokkas
  9 ball pythons
  6 bats
  4 frilled lizards
  28 kobolds
  7 rats
243 creatures vanquished.

Vanquished Creatures (others)
  4 plants (D:6)
4 creatures vanquished.

Grand Total: 247 creatures vanquished

Notes
Turn   | Place    | Note
-------+----------+-------------------------------------------
     0 | D:1      | avis the Demigod Ice Elementalist began the quest for the
                  | Orb.
     0 | D:1      | Reached XP level 1. HP: 14/14 MP: 5/5
   104 | D:1      | Reached skill level 1 in Fighting
   478 | D:1      | Reached XP level 2. HP: 23/23 MP: 5/7
  1466 | D:2      | Reached XP level 3. HP: 27/28 MP: 8/8
  1664 | D:2      | Reached skill level 1 in Ranged Weapons
  1780 | D:2      | Learned a level 3 spell: Ozocubu's Armour
  2025 | D:2      | Reached skill level 2 in Ranged Weapons
  2058 | D:2      | Reached XP level 4. HP: 31/35 MP: 7/9
  2131 | D:2      | Reached skill level 1 in Armour
  2331 | D:2      | Found a runed translucent door.
  2578 | D:3      | Identified the +0 leather armour "Xewykep" {rC- Will++
                  | SInv}
  2666 | D:3      | Reached skill level 1 in Shields
  2967 | D:3      | Reached XP level 5. HP: 40/40 MP: 10/10
  3842 | D:4      | Identified the +5 spear "Yfig" {antimagic, Will+ SInv}
  3980 | D:4      | Reached XP level 6. HP: 20/48 MP: 3/13
  4676 | D:4      | Reached skill level 5 in Ice Magic
  5115 | D:5      | Entered Level 5 of the Dungeon
  5130 | D:5      | Reached XP level 7. HP: 45/55 MP: 11/14
  5701 | D:5      | Learned a level 3 spell: Frozen Ramparts
  5750 | D:5      | Noticed Duvessa
  5750 | D:5      | Noticed Dowan
  5772 | D:5      | Killed Duvessa
  5786 | D:5      | Killed Dowan
  6014 | D:5      | Reached XP level 8. HP: 16/61 MP: 6/15
  6313 | D:5      | Reached skill level 3 in Ranged Weapons
  6448 | D:5      | Got the Codex of Hurting
  6807 | D:6      | Reached skill level 4 in Ranged Weapons
  6883 | D:6      | Noticed Sigmund
  6910 | D:6      | Killed Sigmund
  7034 | D:6      | Found a glowing drain.
  7043 | Sewer    | Entered a sewer
  8168 | D:6      | Reached XP level 9. HP: 69/70 MP: 13/18
  8259 | D:6      | Learned a level 7 spell: Ozocubu's Refrigeration
  8262 | D:6      | Noticed Maggie
  8301 | D:6      | Killed Maggie
  8302 | D:6      | Reached skill level 5 in Dodging
  8505 | D:6      | Found a staircase to the Ecumenical Temple.
  8521 | Temple   | Entered the Ecumenical Temple
  8852 | D:7      | Reached skill level 5 in Armour
  9107 | D:7      | Reached skill level 5 in Ranged Weapons
  9430 | D:7      | Found a runed translucent gate.
  9431 | D:7      | Found a runed translucent gate.
  9432 | D:7      | Found a runed translucent gate.
  9433 | D:7      | Noticed greasedhog's ghost (amateur FoHu)
  9496 | D:7      | Reached skill level 6 in Ranged Weapons
 10220 | D:8      | Noticed Amaemon
 10245 | D:8      | Noticed an orange demon
 10317 | D:7      | Killed Amaemon
 10318 | D:7      | Reached skill level 5 in Fighting
 10442 | D:7      | Reached skill level 5 in Spellcasting
 10724 | D:8      | Killed an orange demon
 10725 | D:8      | Reached XP level 10. HP: 80/81 MP: 19/21
 10734 | D:8      | You fall into a shaft and drop 3 floors!
 10739 | D:10     | Entered Level 10 of the Dungeon
 11016 | D:9      | Found a flagged portal.
 11064 | Bailey   | Entered a bailey
 11694 | Bailey   | HP: 4/81 [orc warrior/+0 glaive (12)]
 11696 | Bailey   | Reached skill level 7 in Ranged Weapons
 12815 | Bailey   | Noticed an orc knight
 12868 | Bailey   | Reached skill level 8 in Ranged Weapons
 12886 | Bailey   | Slain by an orc knight

Illustrated notes

Levels and vault maps discovered:
D:1:      minmay_arrival_plants_in_alcoves, layout_rooms,
          ebering_ecumenical_altar_petrified, st_stairs_2
D:2:      layout_basic, minmay_unequal, uniq_crazy_yiuf_cottage
D:3:      layout_loops_cross
D:4:      layout_layer_cave
D:5:      layout_rooms, uniq_duvessa
D:6:      layout_loops_cross, minmay_temple_entry_gardened_gates,
          cheibrodos_sewer_entry_sluice, uniq_maggie, uniq_sigmund
D:7:      mumra_celtic_spiral_tile, layout_cave_pools,
          biasface_ghost_orc_armoury
D:8:      layout_cave_pools, tgw_xom, dpeg_lair_monsters, nicolae_shop_fire_sale
          [nicolae_sub_dead_trees], uniq_prince_ribbit1, uniq_joseph,
          uniq_amaemon
D:9:      layout_basic, orc_david_3, enter_bailey_7,
          gammafunk_ghost_berserking_beasts
D:10:     minmay_the_grid_3x3 [minmay_the_grid_rooms, minmay_the_grid_all_tris,
          minmay_the_grid_embedded, minmay_the_grid_minigrid_medium,
          minmay_the_grid_minigrid_large, minmay_the_grid_minigrid_small_alt,
          minmay_the_grid_empty, minmay_the_grid_broken_lines,
          minmay_the_grid_prize_inner_circle], layout_stronghold,
          gammafunk_ghost_arena, uniq_lodul, uniq_fannar, uniq_harold
D:11:     layout_irregular_city, serial_bayou_pond_c, uniq_urug
Temple:   mainiacjoe_temple_hex_bubbles
Bailey:   bailey_polearm_5, bailey

Skill      XL: |  1  2  3  4  5  6  7  8  9 10 |
---------------+-------------------------------+-----
Fighting       | 1 2 4 5 |  5.1
Spellcasting   | 2 3 4 5 |  5.0
Ice Magic      | 4 5 6 7 |  7.0
Dodging        | 2 4 5 |  5.0
Ranged Weapons | 2 4 6 8 |  8.0
Armour         | 2 4 5 |  5.0
Shields        | 1 2 3 4 |  4.0
Stealth        | 2 |  2.0

Action                   |  1- 3 |  4- 6 |  7- 9 | 10-12 || total
-------------------------+-------+-------+-------+-------++-------
Melee: Unarmed           |     3 |       |    25 |       ||    28
       Dagger            |    29 |    72 |   351 |   131 ||   583
       Falchion          |       |    17 |    74 |       ||    91
 Fire: Sling             |    42 |    71 |   143 |   160 ||   416
Throw: Dart              |       |       |     2 |       ||     2
 Cast: Freeze            |    42 |    34 |    44 |     5 ||   125
       Ozocubu's Armour  |       |     4 |    35 |    23 ||    62
       Frozen Ramparts   |       |       |     1 |       ||     1
  Use: Potion            |       |       |     4 |     3 ||     7
       Scroll            |       |       |     5 |     3 ||     8
 Stab: Sleeping          |     2 |       |     2 |       ||     4
Armor: Robe              |     4 |       |       |       ||     4
       Leather armour    |    10 |    33 |    98 |       ||   141
       Skin              |       |       |     1 |       ||     1
       Steam dragon scal |       |       |    86 |    46 ||   132
Dodge: Dodged            |    26 |    51 |   363 |   140 ||   580
Block: Buckler           |     6 |    26 |   156 |    92 ||   280

Table legend: (Time is in decaauts)
 A = Elapsed time spent in this place.
 B = Non-inter-level travel time spent in this place.
 C = Inter-level travel time spent in this place.
 D = Time resting spent in this place.
 E = Time spent auto-exploring this place.
 F = Levels seen in this place.
 G = Mean time per level.
                   A        B        C        D        E       F      G
               +--------+--------+--------+--------+--------+-----+--------+
         Total |  12988 |  12356 |    632 |   4979 |   3825 |  14 |  927.7 |
       Dungeon |  10653 |  10021 |    632 |   3659 |   3825 |  11 |  968.5 |
        Temple |     12 |     12 |      0 |      0 |      0 |   1 |   12.0 |
         Sewer |    489 |    489 |      0 |    171 |      0 |   1 |  489.0 |
        Bailey |   1832 |   1832 |      0 |   1149 |      0 |   1 | 1832.0 |
               +--------+--------+--------+--------+--------+-----+--------+

Top non-repeatable levels by time:
  Bailey: 1832 daAuts
     D:7: 1792 daAuts
     D:5: 1764 daAuts
     D:4: 1566 daAuts
     D:6: 1385 daAuts
     D:1: 1297 daAuts
     D:2: 1264 daAuts
     D:3: 1184 daAuts
   Sewer: 489 daAuts
     D:9: 283 daAuts
     D:8: 68 daAuts
    D:10: 42 daAuts
  Temple: 12 daAuts
    D:11: 4 daAuts
